 Dungeon Crawl Stone Soup version 0.30.0-29-ga12c61a403 (webtiles) character file.

Game seed: 18229650351899618131

8439 Heoruswealwe the Eclecticist (level 11, -1/81 HPs)
             Began as a Deep Elf Earth Elementalist on June 4, 2023.
             Was a Believer of Vehumet.
             Killed by divine providence
             ... invoked by an orc priest
              (14 damage)
             ... on level 10 of the Dungeon on June 6, 2023.
             The game lasted 02:54:45 (9068 turns).

Heoruswealwe the Eclecticist (DEEE)                 Turns: 9068, Time: 02:54:46

Health: -1/81      AC: 25    Str:  5    XL:     11   Next: 9%
Magic:  31/32      EV:  2    Int: 25    God:    Vehumet [**....]
Gold:   561        SH:  0    Dex: 15    Spells: 31/41 levels left

rFire   . . .        b - +1 demon whip (venom)
rCold   . . .        (no shield)
rNeg    . . .        c - melded +0 robe
rPois   +            g - melded +0 helmet
rElec   .            h - melded +0 cloak
rCorr   .            (gloves currently unavailable)
SInv    +            e - melded +2 pair of boots
Will    +....        i - amulet of regeneration
Stlth   ++           k - ring of see invisible
HPRegen 1.13/turn    (no ring)
MPRegen 0.23/turn

%: no passive effects
@: tree-form, studying Ranged Weapons
A: stationary, stasis, torment immunity, boosted hp
a: Renounce Religion


You were on level 10 of the Dungeon.
You worshipped Vehumet.
Vehumet was pleased with you.
You were a tree.
You visited 2 branches of the dungeon, and saw 11 of its levels.

You collected 1787 gold pieces.
You spent 1226 gold pieces at shops.

Inventory:

Hand Weapons
 b - a +1 demon whip of venom (weapon)
Armour
 c - a +0 robe (melded)
 e - a +2 pair of boots (melded)
 g - a +0 helmet (melded)
 h - a +0 cloak (melded)
 D - a +0 robe
 J - a +0 troll leather armour
Jewellery
 d - an amulet of magic regeneration
 i - an amulet of regeneration (around neck)
 k - a ring of see invisible (left branch)
Wands
 m - a wand of polymorph (11)
 w - a wand of mindburst (51)
 x - a wand of acid (11)
 z - a wand of digging (6)
 A - a wand of iceblast (4)
Scrolls
 a - 5 scrolls of teleportation
 l - a scroll of enchant armour
 p - 2 scrolls of enchant weapon
 t - a scroll of magic mapping
 B - a scroll of fog
 G - a scroll of amnesia
 H - a scroll of blinking
Potions
 j - a potion of ambrosia
 n - a potion of lignification
 o - 5 potions of magic
 q - 3 potions of flight
 r - a potion of invisibility
 s - 2 potions of heal wounds
 u - a potion of resistance
 v - 5 potions of brilliance
 y - a potion of berserk rage {unknown}
 C - 2 potions of mutation {unknown}
 E - a potion of cancellation {unknown}
 F - a potion of might {unknown}
 I - a potion of haste {unknown}
 L - a potion of curing


   Skills:
 + Level 4.1 Ranged Weapons
 - Level 2.4 Dodging
 - Level 2.4 Stealth
 * Level 15.7 Spellcasting
 - Level 1.1 Transmutations
 * Level 13.5 Earth Magic


You had 31 spell levels left.
You knew the following spells:

 Your Spells              Type           Power      Damage    Failure   Level
a - Sandblast             Erth           100%       2d20      0%          1
b - Stone Arrow           Conj/Erth      100%       3d13      1%          3
c - Petrify               Tmut/Erth      54%        N/A       1%          4
z - Passwall              Tmut/Erth      45%        N/A       1%          2

Your spell library contained the following spells:

 Spells                   Type           Power      Damage    Failure   Level
 Shock                    Conj/Air       76%        1d7       2%          1
 Beastly Appendage        Tmut           50%        N/A       1%          1
 Wereblood                Tmut           25%        N/A       2%          2
 Spider Form              Tmut/Pois      22%        N/A       7%          3
 Dazzling Flash           Conj/Hex       38%        N/A       9%          3
 Volatile Blastmotes      Fire/Tloc      38%        2d13      9%          3
 Iskenderun's Mystic Bla  Conj/Tloc      19%        2d6       26%         4
 Conjure Ball Lightning   Conj/Air       9%         3x3d6     99%         6
 Starburst                Conj/Fire      9%         6d5       99%         6
 Discord                  Hex            9%         N/A       100%        8
 Disjunction              Tloc           9%         N/A       100%        8


Dungeon Overview and Level Annotations

Branches:
Dungeon (10/15)            Temple (1/1) D:7            Lair (0/5) D:8
    Orc (0/2) D:9

Altars:
Ashenzari
Dithmenos
Elyvilon
Fedhas
Gozag
Hepliaklqana
Kikubaaqudgha
Makhleb
Nemelex Xobeh
Okawaru
Qazlal
Ru
Sif Muna
Trog
Uskayaw
Vehumet
Xom
Yredelemnul
The Shining One

Shops:
D:4 (*   D:9 [


Message History

Really read the scroll of poison?
The air fills with toxic fumes!
As you read the scroll of poison, it crumbles to dust.
The tengu conjurer completely misses you.
The tengu conjurer closely misses you.
The tengu conjurer completely misses you.
The blast of sand hits the tengu conjurer but does no damage.
The tengu conjurer closely misses you. The tengu conjurer pecks you.
The tengu conjurer barely misses you.
The blast of sand hits the five-headed hydra!
The five-headed hydra is lightly wounded.
The tengu conjurer hits you.
The tengu conjurer pecks you but does no damage.
The tengu conjurer claws you. The five-headed hydra bites you!
The five-headed hydra bites you.
The five-headed hydra closely misses you. x2
The five-headed hydra bites you but does no damage.
The tengu conjurer gestures at you while chanting.
The bolt of lightning hits you!!
* * * LOW HITPOINT WARNING * * *
You hear a shout!
You feel much better. The five-headed hydra bites you.
The five-headed hydra bites you but does no damage.
The five-headed hydra bites you! x2
* * * LOW HITPOINT WARNING * * *
The five-headed hydra barely misses you.
The tengu conjurer gestures wildly while chanting.
The tengu conjurer conjures a globe of magical energy!
A battlesphere comes into view.
Really quaff the potion of lignification?
You turn into a tree.
Your +0 cloak melds into your body.
Your +0 helmet melds into your body.
Your +2 pair of boots melds into your body.
Your +0 robe melds into your body.
Your roots penetrate the ground.
The five-headed hydra bites you but does no damage. x4
The five-headed hydra bites you!
* * * LOW HITPOINT WARNING * * *
The orc priest mumbles some strange prayers to Beogh against you.
Beogh smites you!
You die...

## ##### .# #)..# ## .#
#...# #. .# #...# #######
#. .# #...###§o'oo#
######. .# #§..##§§###o.#
#...##. .# #§§.##§8#"#8.#
#.#..#. .# #§§§##D##)# +#
#.##... .# #§§§§♣Q§#)#
##.###.. ## #§☼☼#8*§#(+
#..#.##.
############§§†##§##/#
#..'⌠.##
.##.......§§☼..##§8#$#
#).#...#
.........§§§...##§§###.
#.)##...
..#######☼§.....##☼§
..###.#)##.. ..# #8#
#§..###.########.#.#..##.
..# #.# #...#
#.##.......#.##).## ..#
#.# #...#
#.##.#####.#.##...#


You could see a five-headed hydra, a tengu conjurer, an orc priest and a
battlesphere (distracted).

Vanquished Creatures
  A two-headed ogre (D:10)
  Amaemon (D:8)
  An orange demon (D:8)
  An unseen horror (D:9)
  3 trolls (D:10)
  Prince Ribbit (D:7)
  Grinder (D:5)
  A vampire (D:9)
  Sigmund (D:5)
  9 yaks
  A steam dragon (D:5)
  2 wraiths
  3 water moccasins
  A sky beast (D:7)
  A black bear (D:7)
  6 orc warriors
  An ogre (D:5)
  4 centaurs
  2 phantoms
  3 kobold brigands
  2 bullfrogs
  3 scorpions
  A gnoll sergeant (D:7)
  4 wights (D:7)
  2 killer bees
  5 howler monkeys
  A jelly (D:6)
  A hound (D:7)
  7 orc priests
  2 gnoll boudas
  A sleepcap (D:5)
  8 orc wizards
  4 iguanas
  Robin (D:2)
  16 gnolls
  11 adders
  A shadow imp (D:8)
  4 adder zombies (D:3)
  A worm (D:2)
  3 dart slugs
  29 orcs
  4 endoplasms
  A giant cockroach (D:1)
  14 goblins
  6 hobgoblins
  7 jackals
  4 quokkas
  3 training dummies (D:4)
  3 ball pythons
  6 bats
  8 frilled lizards
  11 kobolds
  4 rats
222 creatures vanquished.

Vanquished Creatures (others)
  An orc (D:8)
1 creature vanquished.

Grand Total: 223 creatures vanquished

Notes
Turn   | Place    | Note
-------+----------+-------------------------------------------
     0 | D:1      | Heoruswealwe the Deep Elf Earth Elementalist began the
                  | quest for the Orb.
     0 | D:1      | Reached XP level 1. HP: 10/10 MP: 6/6
   132 | D:1      | Reached XP level 2. HP: 15/15 MP: 5/8
   135 | D:1      | Learned a level 2 spell: Passwall
  1065 | D:2      | Reached skill level 4 in Spellcasting
  1065 | D:2      | Reached XP level 3. HP: 19/19 MP: 6/10
  1069 | D:2      | Learned a level 3 spell: Stone Arrow
  1342 | D:2      | Noticed Robin
  1347 | D:2      | Reached XP level 4. HP: 13/24 MP: 8/12
  1461 | D:2      | Killed Robin
  1462 | D:2      | Reached skill level 5 in Spellcasting
  1814 | D:1      | You fall into a shaft and drop 1 floor!
  1849 | D:2      | Learned a level 4 spell: Petrify
  2527 | D:3      | Found a basalt altar of Yredelemnul.
  2689 | D:3      | Reached skill level 5 in Earth Magic
  2977 | D:4      | Noticed a scorpion
  2981 | D:4      | Reached XP level 5. HP: 28/28 MP: 10/14
  3001 | D:4      | Reached skill level 6 in Spellcasting
  3120 | D:4      | Found a blossoming altar of Fedhas.
  3161 | D:4      | Found Tiumneuwn's General Store.
  3199 | D:4      | Bought a scroll of identify for 24 gold pieces
  3199 | D:4      | Bought a scroll of fear for 48 gold pieces
  3377 | D:4      | Found Butsytie's Firing Range.
  3470 | D:4      | Bought a potion of magic for 96 gold pieces
  3536 | D:5      | Entered Level 5 of the Dungeon
  3539 | D:5      | Reached XP level 6. HP: 32/32 MP: 14/17
  3602 | D:5      | Found a hide-covered altar of Uskayaw.
  3746 | D:5      | Found a shadowy altar of Dithmenos.
  3755 | D:5      | Noticed a water moccasin
  3761 | D:5      | Killed a water moccasin
  3762 | D:5      | Reached skill level 7 in Spellcasting
  3868 | D:5      | Found a white marble altar of Elyvilon.
  3879 | D:5      | Reached XP level 7. HP: 29/36 MP: 15/20
  3933 | D:5      | Noticed a steam dragon
  3950 | D:5      | Killed a steam dragon
  3951 | D:5      | Reached skill level 8 in Spellcasting
  4178 | D:5      | Noticed Sigmund
  4188 | D:5      | Killed Sigmund
  4251 | D:5      | Noticed Grinder
  4267 | D:5      | Reached skill level 9 in Spellcasting
  4274 | D:5      | Killed Grinder
  4275 | D:5      | Reached XP level 8. HP: 41/41 MP: 7/23
  4772 | D:6      | Reached skill level 10 in Spellcasting
  5234 | D:6      | Reached skill level 11 in Spellcasting
  5373 | D:7      | Noticed Prince Ribbit
  5381 | D:7      | Killed Prince Ribbit
  5382 | D:7      | Reached XP level 9. HP: 45/45 MP: 13/26
  5389 | D:7      | Found a staircase to the Ecumenical Temple.
  5405 | Temple   | Entered the Ecumenical Temple
  5457 | Temple   | Became a worshipper of Vehumet
  5553 | D:7      | Found a stormy altar of Qazlal.
  5585 | D:7      | Reached skill level 10 in Earth Magic
  5628 | D:7      | Found a broken altar of Ashenzari.
  5749 | D:7      | Reached skill level 12 in Spellcasting
  5865 | D:7      | Reached skill level 13 in Spellcasting
  6959 | D:8      | Found a staircase to the Lair.
  6986 | D:8      | Noticed an orange demon
  6987 | D:8      | Noticed Amaemon
  6993 | D:8      | Reached XP level 10. HP: 23/50 MP: 26/29
  6998 | D:8      | Killed Amaemon
  7001 | D:8      | Killed an orange demon
  7002 | D:8      | Reached skill level 14 in Spellcasting
  7062 | D:8      | Reached * piety under Vehumet
  7062 | D:8      | Offered knowledge of Kiss of Death by Vehumet.
  7520 | D:9      | Found Koruod's Armour Shoppe.
  7520 | D:9      | Found a staircase to the Orcish Mines.
  7853 | D:9      | Reached skill level 15 in Spellcasting
  7928 | D:9      | Identified a scroll of acquirement
  7929 | D:9      | Acquired 1018 gold pieces
  8078 | D:9      | Bought a +0 robe for 9 gold pieces
  8078 | D:9      | Bought a +0 robe for 9 gold pieces
  8237 | D:4      | Bought a manual of Ranged Weapons for 1040 gold pieces
  8335 | D:7      | You fall into a shaft and drop 1 floor!
  8381 | D:10     | Entered Level 10 of the Dungeon
  8390 | D:10     | Reached skill level 1 in Ranged Weapons
  8526 | D:10     | Offered knowledge of Shock by Vehumet.
  8755 | D:10     | Noticed a two-headed ogre
  8764 | D:10     | Killed a two-headed ogre
  8764 | D:10     | Reached ** piety under Vehumet
  8839 | D:10     | Reached XP level 11. HP: 46/54 MP: 30/32
  8877 | D:10     | Identified the +1 leather armour "Hijolual" {rN+}
  9057 | D:10     | Noticed a five-headed hydra
  9068 | D:10     | Killed from afar by an orc priest

Illustrated notes

Levels and vault maps discovered:
D:1:      scummos_arrival_simple_fountains, layout_loops_corners
D:2:      layout_basic, uniq_robin
D:3:      layout_loops_ring, nicolae_yredelemnul_corpse_copse,
          kennysheep_generic_room_3
D:4:      layout_cave_pools, kennysheep_mini_moat, serial_shops, shop,
          chequers_serial_rivers_small_a, nicolae_shop_firing_range
D:5:      layout_loops_ring, lemuel_tele_altar, mainiacjoe_overflow_boulevard,
          nicolae_dithmenos_the_darkroom, serial_aquarium,
          aquarium_bridge_straight [aquarium_subvault_bridge,
          aquarium_subvault_balcony, aquarium_subvault_bridge,
          aquarium_subvault_window], aquarium_bridge_long_separate
          [aquarium_subvault_wall, aquarium_subvault_bridge,
          aquarium_subvault_wall, aquarium_subvault_bridge,
          aquarium_subvault_bridge, aquarium_subvault_window],
          aquarium_window_2, aquarium_window_fake, aquarium_window_2,
          aquarium_window_corridor_1, aquarium_view_2a, aquarium_balcony_1b,
          uniq_grinder, uniq_sigmund
D:6:      layout_basic
D:7:      layout_basic, ashenzari_conservatory_becter,
          mainiacjoe_overflow_catwalk, minmay_temple_entry_glassed_door,
          minmay_circle_x, uniq_prince_ribbit1
D:8:      cheibrodos_helix_gallery, layout_cave_pools, lair_entry_dummy,
          uniq_amaemon
D:9:      layout_rooms, orc_david_3, minivault_4, grunt_decor_one_mirror,
          minmay_quadrilaterals
D:10:     minmay_chambers_of_sixes, layout_basic,
          minmay_overflow_temple_star_quad, grunt_decor_arrowhead,
          chequers_jeans
Temple:   nicolae_temple_hex_pool

Skill      XL: |  1  2  3  4  5  6  7  8  9 10 11 |
---------------+----------------------------------+-----
Spellcasting   | 4 5 6 7 9 11 13 15 | 15.7
Earth Magic    | 4 5 6 8 9 11 13 | 13.5
Ranged Weapons | 3 4 |  4.1
Dodging        | |  2.4
Stealth        | |  2.4
Transmutations | |  1.1

Action                     |  1- 3 |  4- 6 |  7- 9 | 10-12 || total
---------------------------+-------+-------+-------+-------++-------
  Melee: Unarmed           |     2 |       |       |       ||     2
         Dagger            |       |    16 |    23 |       ||    39
         Halberd           |       |       |     6 |     2 ||     8
         Demon whip        |       |       |       |     1 ||     1
   Cast: Sandblast         |    41 |   104 |   149 |   100 ||   394
         Passwall          |       |     7 |    21 |     1 ||    29
         Stone Arrow       |       |       |     4 |    18 ||    22
         Petrify           |       |       |     2 |     2 ||     4
    Use: Scroll            |     1 |    13 |     7 |    12 ||    33
         Potion            |       |       |     2 |     2 ||     4
 Armour: Robe              |     9 |     6 |     2 |    12 ||    29
         Animal skin       |       |    11 |    17 |       ||    28
         Skin              |       |       |     9 |    16 ||    25
  Dodge: Dodged            |    14 |    27 |    47 |    42 ||   130
